 Dungeon Crawl Stone Soup version 0.27-a0-1200-g94dc6ad4cf (webtiles) character file.

Game seed: 9511777548431726436

46 Gwenloh the Ducker (level 3, -2/28 HPs)
             Began as a Djinni Gladiator on May 31, 2021.
             Was a Follower of Fedhas.
             Slain by a gnoll
             ... wielding a +0 halberd
              (7 damage)
             ... on level 1 of the Dungeon.
             The game lasted 00:04:37 (1607 turns).

Gwenloh the Ducker (Djinni Gladiator)               Turns: 1607, Time: 00:04:38

Health: -2/28      AC:  5    Str: 13    XL:     3   Next: 95%
Gold:   80         EV: 17    Int: 10    God:    Fedhas [*.....] SH:  0 Dex: 14

rFire    + + .     SeeInvis .   a - +0 long sword
rCold    x . .     Faith    .   (no shield)
rNeg     . . .     Spirit   .   b - +0 leather armour
rPois    ∞         Reflect  .   c - +0 helmet
rElec    .         Harm     .   k - +0 cloak
rCorr    .         Rampage  .   (no gloves)
Will     .....                  (boots unavailable)
Stlth    +.........             (no amulet)
HPRegen  0.09/turn              h - +4 ring of evasion
MPRegen  0.00/turn              (no ring)

@: flying
A: sickness immunity, fire resistance 2, cold vulnerability 1, float, innate
caster, hp casting, extra vitality 1
a: Renounce Religion


You were on level 1 of the Dungeon.
You worshipped Fedhas.
Fedhas was aware of your devotion.
You visited 1 branch of the dungeon, and saw 2 of its levels.

You collected 80 gold pieces.

Inventory:

Hand Weapons
 a - a +0 long sword (weapon)
Missiles
 d - 2 throwing nets
 g - 36 stones (quivered)
Armour
 b - a +0 leather armour (worn)
 c - a +0 helmet (worn)
 k - a +0 cloak (worn)
Jewellery
 h - a +4 ring of evasion (left hand)
 o - a ring of positive energy
Scrolls
 e - 2 scrolls of holy word {unknown}
 f - a scroll of acquirement {unknown}
 j - 2 scrolls of identify {unknown}
 m - a scroll of teleportation {unknown}
 n - a scroll of immolation {unknown}
 p - a scroll of noise {unknown}
Potions
 i - a potion of heal wounds {unknown}
 l - 2 potions of invisibility {unknown}


   Skills:
 - Level 2.0 Fighting
 * Level 3.6 Long Blades
 - Level 1.5 Throwing
 + Level 3.8 Dodging
 + Level 0.3 Spellcasting


You had one spell level left.
You knew the following spells:

 Your Spells              Type           Power      Damage    Failure   Level
a - Magic Dart            Conj           0%         1d3       38%         1
Your spell library was empty.

Dungeon Overview and Level Annotations

Branches:
Dungeon (2/15)

Altars:
Fedhas


Innate Abilities, Weirdness & Mutations

You are immune to sickness and miasma.
You are immune to poison.
Your flesh is very heat resistant. (rF++)
You are vulnerable to cold. (rC-)
You float through the air rather than walking.
You learn spells naturally, not from books.
Your magical power is your life essence.
You have superior vitality. (+4 HP)


Message History

You throw a stone. The stone barely misses the gnoll.
The stone hits the gnoll.
The gnoll is lightly wounded.
The gnoll closely misses you. The gnoll barely misses you.
The gnoll hits you from afar with a +0 spear.
There is a stone staircase leading up here.
The gnoll completely misses you. x2; You riposte.
You hit the gnoll but do no damage.
The gnoll hits you from afar with a +0 spear.
You fly upwards.
There is a stone staircase leading down here.
You hit the gnoll.
The gnoll is lightly wounded.
The gnoll hits you with a +0 halberd!
You hit the gnoll but do no damage.
The gnoll is lightly wounded.
The gnoll misses you.
You hit the gnoll.
The gnoll is heavily wounded.
The gnoll completely misses you.
You hit the gnoll.
The gnoll is severely wounded.
The gnoll misses you.
You barely miss the gnoll.
The gnoll is heavily wounded.
The gnoll hits you with a +0 halberd!
* * * LOW HITPOINT WARNING * * *
The gnoll misses you.
You barely miss the gnoll.
The gnoll is heavily wounded.
The gnoll closely misses you.
You riposte.
You hit the gnoll but do no damage.
The gnoll is heavily wounded.
You hit the gnoll.
The gnoll is almost dead.
The gnoll completely misses you.
You closely miss the gnoll.
The gnoll is almost dead.
The gnoll hits you with a +0 halberd!
You die...
Fedhas appreciates your contribution to the ecosystem.

####### #.....# #.....#####
#.........#
#####.###.##################
#.#....@g...............
#.#.#.#############.....
#####.#.#....##### #........
#................# #........
#................###........
#......(..#......#..........
#.......†.......##.#........
###########.................
#######≈[...P..≈...


You could see a gnoll.

Vanquished Creatures
  An adder (D:2)
  3 ball pythons
  3 bats (D:1)
  A giant cockroach (D:1)
  6 goblins
  3 hobgoblins
  4 jackals (D:1)
  3 quokkas
  3 frilled lizards
  A kobold (D:1)
  6 rats
34 creatures vanquished.

Vanquished Creatures (others)
  A plant (D:1)
1 creature vanquished.

Grand Total: 35 creatures vanquished

Notes
Turn   | Place    | Note
-------+----------+-------------------------------------------
     0 | D:1      | Gwenloh the Djinni Gladiator began the quest for the Orb.
     0 | D:1      | Reached XP level 1. HP: 18/18 MP: 0/0
   225 | D:1      | Reached XP level 2. HP: 23/23 MP: 0/0
   389 | D:1      | Found a faded altar of an unknown god.
   443 | D:1      | Became a worshipper of Fedhas Madash
   443 | D:1      | Reached * piety under Fedhas
   809 | D:1      | Reached XP level 3. HP: 28/28 MP: 0/0
   809 | D:1      | Learned a level 1 spell: Magic Dart
  1607 | D:1      | Slain by a gnoll

Illustrated notes

Levels and vault maps discovered:
D:1:      dpeg_arrival_rhombus, layout_basic,
          hellmonk_ecumenical_altar_leap_of_faith, chequers_big_river,
          minmay_tiny_reverse_x
D:2:      layout_basic

Skill      XL: |  1 |
---------------+----+-----
Long Blades    | 3 |  3.6
Fighting       | |  2.0
Throwing       | |  1.5
Dodging        | |  3.8
Spellcasting   | |  0.3

Action                   || total
-------------------------++-------
Melee: Long sword        ||    90
Throw: Stone             ||    85
       Throwing net      ||     1
Armor: Leather armour    ||    27
Dodge: Dodged            ||    76
       Rpst.: Long sword ||    25

Table legend: (Time is in decaauts)
 A = Elapsed time spent in this place.
 B = Non-inter-level travel time spent in this place.
 C = Inter-level travel time spent in this place.
 D = Time resting spent in this place.
 E = Time spent auto-exploring this place.
 F = Levels seen in this place.
 G = Mean time per level.
                   A        B        C        D        E       F      G
               +--------+--------+--------+--------+--------+-----+--------+
         Total |   1631 |   1627 |      4 |     82 |   1154 |   2 |  815.5 |
       Dungeon |   1631 |   1627 |      4 |     82 |   1154 |   2 |  815.5 |
               +--------+--------+--------+--------+--------+-----+--------+

Top non-repeatable levels by time:
     D:1: 1057 daAuts
     D:2: 574 daAuts
